[Event "Titled Tuesday Blitz February 22 Early 2022"]
[White "Pavlidou, Ekaterini"]
[Black "Vovk, Orest"]
[WhiteFideId "4213262"]
[BlackFideId "14113490"]
[WhiteElo "2127"]
[BlackElo "2203"]
[Result "0-1"]
[Round "06"]
[TimeControl "180+1"]
[Date "2022.02.22"]
[WhiteClock "0:01:18"]
[BlackClock "0:01:47"]

1. d4 e5 2. c4 Nc6 3. d5 Nce7 4. Nc3 Ng6 5. g3 Bc5 6. Bg2 Nf6 7. Na4 Bb4+ 8. Bd2 Bxd2+ 9. Qxd2 d6 10. Nc3 O-O 11. e4 Ne8 12. h4 h6 13. h5 Nh8 14. Bh3 f5 15. Bxf5 Bxf5 16. exf5 Rxf5 17. O-O-O Qg5 18. Qxg5 Rxg5 19. Ne4 Rf5 20. Ne2 Nf7 21. Rd3 Nf6 22. N2c3 Nxe4 23. Nxe4 Ng5 24. Nxg5 Rxg5 25. f4 exf4 26. gxf4 Rf5 27. Re3 Rxf4 28. Re7 Rxc4+ 29. Kb1 Rf8 30. Rg1 Rf7 31. Re8+ Kh7 32. Rb8 b6 33. Rb7 a5 34. b3 Rd4 35. Rc1 Rxd5 36. Rcxc7 Rxc7 37. Rxc7 Rxh5 38. Rc6 b5 39. Rxd6 b4 40. Kc2 Rc5+ 41. Kd2 h5 42. Ra6 h4 43. Ke3 h3 44. Kf2 Rc2+ 45. Kg3 h2 0-1


[Site "https://www.chess.com"]

[Event "Titled Tuesday Blitz February 22 Early 2022"]
[White "Perez Ponsa, Federico"]
[Black "Matinian, Nikita"]
[WhiteFideId "117927"]
[BlackFideId "24129100"]
[WhiteElo "2672"]
[BlackElo "2422"]
[Result "1/2-1/2"]
[Round "06"]
[TimeControl "180+1"]
[Date "2022.02.22"]
[WhiteClock "0:01:37"]
[BlackClock "0:00:21"]

1. d4 Nf6 2. c4 g6 3. Nc3 Bg7 4. e4 O-O 5. h3 d6 6. Bg5 c5 7. d5 b5 8. cxb5 a6 9. a4 Nbd7 10. Nf3 axb5 11. Bxb5 Ba6 12. O-O Bxb5 13. axb5 Qb6 14. Qe2 h6 15. Bf4 Qb7 16. Ra6 Ne8 17. e5 Nxe5 18. Nxe5 dxe5 19. Bxe5 Bxe5 20. Qxe5 Nd6 21. Rfa1 Rxa6 22. bxa6 Qxb2 23. Ra2 Qc1+ 24. Kh2 Nc4 25. Qg3 Nd2 26. Qd3 Nf1+ 27. Kg1 Nd2+ 28. Kh2 Nf1+ 29. Kg1 Nd2+ 30. Kh2 1/2-1/2


[Site "https://www.chess.com"]

[Event "Titled Tuesday Blitz February 22 Early 2022"]
[White "Petesch, Gabriel"]
[Black "Kobo, Ori"]
[WhiteFideId "2032465"]
[BlackFideId "2812320"]
[WhiteElo "2374"]
[BlackElo "2420"]
[Result "0-1"]
[Round "06"]
[TimeControl "180+1"]
[Date "2022.02.22"]
[WhiteClock "0:00:01"]
[BlackClock "0:00:23"]

1. b3 e5 2. Bb2 Nc6 3. g3 d5 4. Bg2 Be6 5. e3 Qd7 6. d3 f6 7. Nd2 Bd6 8. Qh5+ g6 9. Qd1 Nge7 10. h4 O-O-O 11. a3 f5 12. Ngf3 Rhe8 13. Qe2 e4 14. Ng5 Bg8 15. d4 h6 16. Nh3 Kb8 17. c4 dxc4 18. bxc4 Nc8 19. c5 Bf8 20. Nc4 N8e7 21. Nf4 Bf7 22. Rb1 Nd5 23. Bf1 g5 24. hxg5 hxg5 25. Nxd5 Qxd5 26. Bc3 Ka8 27. Qb2 Rb8 28. Nd2 b5 29. Bxb5 a6 30. Bxc6+ Qxc6 31. Qc2 Rxb1+ 32. Qxb1 Rb8 33. Qc2 Qb5 34. a4 Qc6 35. Kf1 Bd5 36. Kg2 f4 37. Rf1 Be7 38. Rb1 Rh8 39. gxf4 gxf4 40. Rh1 Qg6+ 41. Kf1 Rxh1+ 0-1


[Site "https://www.chess.com"]

[Event "Titled Tuesday Blitz February 22 Early 2022"]
[White "Petrova, Irina"]
[Black "Wartiovaara, Oliver"]
[WhiteFideId "14124122"]
[BlackFideId "513024"]
[WhiteElo "1988"]
[BlackElo "1971"]
[Result "1-0"]
[Round "06"]
[TimeControl "180+1"]
[Date "2022.02.22"]
[WhiteClock "0:02:39"]
[BlackClock "0:01:01"]

1. e4 c5 2. Nf3 d6 3. Bb5+ Nd7 4. O-O a6 5. Bxd7+ Bxd7 6. d4 cxd4 7. Qxd4 Nf6 8. a4 e6 9. c4 Rc8 10. Nc3 Qc7 11. b3 Be7 12. Ba3 O-O 13. Rfd1 b5 14. axb5 axb5 15. Nxb5 1-0


[Site "https://www.chess.com"]

[Event "Titled Tuesday Blitz February 22 Early 2022"]
[White "Pichot, Alan"]
[Black "Csonka, Balazs"]
[WhiteFideId "110973"]
[BlackFideId "742910"]
[WhiteElo "2543"]
[BlackElo "2404"]
[Result "1-0"]
[Round "06"]
[TimeControl "180+1"]
[Date "2022.02.22"]
[WhiteClock "0:00:13"]
[BlackClock "0:00:03"]

1. d4 Nf6 2. c3 b6 3. Bf4 Bb7 4. e3 e6 5. h3 Bd6 6. Nd2 Bxf4 7. exf4 Nd5 8. Qg4 O-O 9. Ngf3 Nc6 10. Bd3 f5 11. Qg3 Nce7 12. c4 Nb4 13. Bb1 c5 14. O-O Qc7 15. dxc5 bxc5 16. a3 Nbc6 17. Ne5 Nd4 18. Re1 Rae8 19. b4 d6 20. Nd3 Ng6 21. Ra2 e5 22. fxe5 Nxe5 23. Nxe5 Rxe5 24. Rxe5 dxe5 25. Bd3 Qe7 26. Bf1 f4 27. Qg4 e4 28. Ra1 e3 29. Re1 Qf6 30. Nb1 exf2+ 31. Kxf2 f3 32. g3 Nf5 33. Qf4 Qb2+ 34. Qd2 Qb3 35. bxc5 h5 36. Nc3 h4 37. g4 Ng3 38. Bd3 Qxa3 39. Re5 Qb4 40. Bc2 Nh1+ 41. Kf1 Ng3+ 42. Kf2 Nh1+ 43. Ke3 f2 44. Qd3 f1=Q 45. Qh7+ Kf7 46. Bg6+ Kf6 47. Qxh4+ Kxe5 48. Qe7# 1-0


[Site "https://www.chess.com"]

[Event "Titled Tuesday Blitz February 22 Early 2022"]
[White "Pinheiro, Iung Alicio de O."]
[Black "Golizadeh, Asghar"]
[WhiteFideId "2104350"]
[BlackFideId "12505269"]
[WhiteElo "2591"]
[BlackElo "2403"]
[Result "1-0"]
[Round "06"]
[TimeControl "180+1"]
[Date "2022.02.22"]
[WhiteClock "0:00:11"]
[BlackClock "0:00:17"]

1. e4 c5 2. Nf3 g6 3. Bc4 Bg7 4. a3 e6 5. Nc3 Ne7 6. Ba2 Nbc6 7. h4 h5 8. d3 d5 9. Bg5 Qc7 10. exd5 exd5 11. Nxd5 Nxd5 12. Bxd5 O-O 13. O-O Bxb2 14. Bh6 Rd8 15. Ba2 Bg4 16. Qb1 Bf6 17. Ng5 Ne5 18. Bb3 b5 19. a4 c4 20. Ba2 bxa4 21. Qb5 Rab8 22. Qxa4 Bf5 23. Rfe1 Rd4 24. Rab1 Rbd8 25. Rxe5 Qxe5 26. Bxc4 R8d7 27. Qa2 Bxg5 28. Bxg5 Kg7 29. Qa1 f6 30. Re1 Qd6 31. Be3 Rxh4 32. g3 Rh3 33. Bf4 Qc6 34. Kf1 Qh1+ 35. Ke2 Re7+ 36. Kd2 Rxe1 37. Qxe1 Qxe1+ 38. Kxe1 Rh1+ 39. Kd2 Rb1 40. Bb3 g5 41. Be3 h4 42. gxh4 gxh4 43. Bxa7 h3 44. Bb8 Rh1 45. Ke2 h2 46. Kf3 Rg1 47. Bxh2 Rb1 48. Ke3 Kg6 49. Bf4 Re1+ 50. Kd2 Re8 51. d4 Bg4 52. c4 Re2+ 53. Kc3 Rxf2 54. Bd6 Rf3+ 55. Kb4 Kf7 56. c5+ Ke8 57. c6 Kd8 58. d5 Rd3 59. Bc5 Bf3 60. Bb6+ Kc8 61. Bc4 Rd2 62. Kc5 Rc2 63. Kd4 Rd2+ 64. Ke3 Rb2 65. Bd4 Bxd5 66. Bxd5 Kc7 67. Bxb2 f5 68. Kf4 Kd6 69. Bf3 Kc7 70. Be5+ Kc8 71. Kxf5 Kd8 72. Kf6 Kc8 73. Ke6 Kd8 74. Kd5 Kc8 75. Kc5 Kd8 76. Kb6 Kc8 77. Bg4+ Kd8 78. c7+ Ke7 79. c8=Q Kf7 80. Qe6+ Kf8 81. Qf6+ Kg8 82. Qg7# 1-0


[Site "https://www.chess.com"]

[Event "Titled Tuesday Blitz February 22 Early 2022"]
[White "Pires, Marcos Vinicius Torsani"]
[Black "Dovbnia, Nikita"]
[WhiteFideId "2118939"]
[BlackFideId "54104599"]
[WhiteElo "2273"]
[BlackElo "2111"]
[Result "1-0"]
[Round "06"]
[TimeControl "180+1"]
[Date "2022.02.22"]
[WhiteClock "0:00:16"]
[BlackClock "0:00:14"]

1. e4 c5 2. c3 d5 3. exd5 Qxd5 4. d4 Nc6 5. Nf3 Bg4 6. Be2 Nf6 7. c4 Qe4 8. Nc3 Qf5 9. d5 Bxf3 10. Bxf3 Nd4 11. O-O Nxf3+ 12. Qxf3 Qxf3 13. gxf3 g6 14. Ne4 Nd7 15. Re1 O-O-O 16. b4 cxb4 17. Rb1 h6 18. Bf4 f5 19. Nd2 Nc5 20. Be3 Nd3 21. Red1 Bg7 22. Bxa7 b5 23. cxb5 Rxd5 24. Nc4 Kb7 25. Be3 f4 26. Bd2 Rc8 27. Na5+ Kb6 28. Nb3 Kxb5 29. a3 Ne5 30. Bxb4 Nxf3+ 31. Kg2 Nd4 32. Nxd4+ Rxd4 33. Bc3+ Kc4 34. Bxd4 Bxd4 35. Rbc1+ Bc3 36. Rxc3+ Kxc3 37. Rc1+ Kb3 38. Rxc8 Kxa3 39. Re8 1-0


[Site "https://www.chess.com"]

[Event "Titled Tuesday Blitz February 22 Early 2022"]
[White "Politov, Pavel Y."]
[Black "Jodorcovsky Werjivker, Paulo"]
[WhiteFideId "24110515"]
[BlackFideId "3700305"]
[WhiteElo "2090"]
[BlackElo "2075"]
[Result "0-1"]
[Round "06"]
[TimeControl "180+1"]
[Date "2022.02.22"]
[WhiteClock "0:00:07"]
[BlackClock "0:01:17"]

1. e4 c5 2. Nf3 Nc6 3. d4 cxd4 4. Nxd4 Nf6 5. Nc3 e5 6. Ndb5 d6 7. Nd5 Nxd5 8. exd5 Ne7 9. c4 Ng6 10. Qa4 Bd7 11. Qb4 Qb8 12. h4 h5 13. Be2 a6 14. Nc3 Be7 15. Be3 b5 16. cxb5 axb5 17. Bxb5 O-O 18. a4 Bd8 19. g3 Ba5 20. Qe4 Bxc3+ 21. bxc3 Bxb5 22. Kd2 Bd7 23. Rhb1 Qc8 24. Rb6 f5 25. Qd3 Qc7 26. a5 f4 27. Qxg6 fxe3+ 28. Kxe3 Qxc3+ 29. Qd3 Rf3+ 30. Kxf3 Qxd3+ 31. Kg2 Qxd5+ 32. f3 Qd2+ 33. Kg1 Qe3+ 34. Kg2 Qe2+ 35. Kg1 Qxf3 36. Kh2 Qf2+ 37. Kh1 Bh3 38. Rg1 Rxa5 39. Rb8+ Kh7 40. Rb3 Ra1 41. Rxa1 Qg2# 0-1


[Site "https://www.chess.com"]

[Event "Titled Tuesday Blitz February 22 Early 2022"]
[White "Ponkratov, Pavel"]
[Black "Tregubov, Pavel V."]
[WhiteFideId "4157800"]
[BlackFideId "4115341"]
[WhiteElo "2487"]
[BlackElo "2341"]
[Result "1-0"]
[Round "06"]
[TimeControl "180+1"]
[Date "2022.02.22"]
[WhiteClock "0:00:15"]
[BlackClock "0:00:10"]

1. d4 Nf6 2. c4 e6 3. Nc3 Bb4 4. Qa4 c5 5. a3 Bxc3+ 6. bxc3 b6 7. Bg5 Bb7 8. f3 h6 9. Bh4 Nc6 10. Rd1 cxd4 11. cxd4 d5 12. cxd5 Qxd5 13. Bxf6 gxf6 14. e4 Qa5+ 15. Qxa5 Nxa5 16. Ne2 Rc8 17. Nf4 Ke7 18. Be2 Rc3 19. Kf2 Rxa3 20. Rhe1 Rd8 21. d5 Rc3 22. dxe6 Rxd1 23. Rxd1 fxe6 24. Ng6+ Ke8 25. e5 fxe5 26. Nxe5 Bd5 27. f4 Rc2 28. f5 Nc4 29. Ng4 Nb2 30. Nf6+ Kf7 31. fxe6+ Kxf6 32. Rxd5 Kxe6 33. Rh5 Nd3+ 34. Kf3 Ne5+ 35. Ke3 Nf7 36. g4 Kf6 37. Rf5+ Kg7 38. h4 a5 39. Rd5 a4 40. Rd7 a3 41. Ra7 a2 42. Bf3 Kf6 43. Kf4 Rc4+ 44. Kg3 Rc2 45. Bd5 Nd6 46. Bxa2 Rc3+ 47. Kf4 Rc2 48. g5+ hxg5+ 49. hxg5+ Kg6 50. Bb1 Kh5 51. Bxc2 1-0


[Site "https://www.chess.com"]

[Event "Titled Tuesday Blitz February 22 Early 2022"]
[White "Popadic, Dragan"]
[Black "Lorente Serrano, Rosa Adela"]
[WhiteFideId "913650"]
[BlackFideId "32091982"]
[WhiteElo "2199"]
[BlackElo "1820"]
[Result "1-0"]
[Round "06"]
[TimeControl "180+1"]
[Date "2022.02.22"]
[WhiteClock "0:00:10"]
[BlackClock "0:00:02"]

1. e4 c5 2. Nc3 e5 3. f4 exf4 4. Nf3 g6 5. Bc4 Bg7 6. d3 Ne7 7. Bxf4 O-O 8. O-O Nbc6 9. Qd2 Na5 10. Bb3 Nxb3 11. axb3 d5 12. Bh6 dxe4 13. Nxe4 Bf5 14. Bxg7 Kxg7 15. Qc3+ f6 16. Nxc5 Rc8 17. Nd4 Qd6 18. Rxf5 Nxf5 19. Nde6+ Kg8 20. Qc4 Kh8 21. Nxf8 Rxc5 22. Qf7 Rc7 23. Qe8 Kg7 24. Ne6+ Kh6 25. Nxc7 Qxc7 26. c4 Qc5+ 27. Kh1 Qf2 28. Qe1 Qd4 29. Qc1+ Kg7 30. Qc3 Qh4 31. Qe1 Qd4 32. Qe2 Qh4 33. Qf3 Qd4 34. Qxb7+ Kh6 35. Qxa7 Qxb2 36. Qa2 Qd4 37. Rd1 Ne3 38. Qd2 Kg7 39. Re1 Ng4 40. h3 Nf2+ 41. Kh2 Qd6+ 42. Kg1 Nxd3 43. Re3 Qd4 44. Qxd3 1-0


[Site "https://www.chess.com"]

[Event "Titled Tuesday Blitz February 22 Early 2022"]
[White "Priasmoro, Novendra"]
[Black "Oparin, Grigoriy"]
[WhiteFideId "7105029"]
[BlackFideId "24125890"]
[WhiteElo "2309"]
[BlackElo "2685"]
[Result "1-0"]
[Round "06"]
[TimeControl "180+1"]
[Date "2022.02.22"]
[WhiteClock "0:01:26"]
[BlackClock "0:00:37"]

1. Nf3 c5 2. g3 Nc6 3. c4 g6 4. Bg2 Bg7 5. O-O d6 6. Nc3 Bf5 7. d3 Qd7 8. Bd2 h5 9. h4 Bh3 10. a3 Nh6 11. Rb1 Bxg2 12. Kxg2 Nf5 13. b4 b6 14. b5 Nd8 15. a4 e6 16. a5 O-O 17. Na4 Qc7 18. e4 Nd4 19. Nxd4 Bxd4 20. a6 f5 21. Qe2 Qd7 22. Rbe1 e5 23. f4 Ne6 24. Nc3 Bxc3 25. Bxc3 Nd4 26. Bxd4 exd4 27. exf5 Rxf5 28. Qe6+ Qf7 29. Qxd6 Rf6 30. Qe7 Rf8 31. Qxf7+ Kxf7 32. Re5 Re6 33. Rfe1 Rxe5 34. Rxe5 Kf6 35. Kf3 Rd8 36. Ke4 Rd6 37. f5 gxf5+ 38. Rxf5+ Kg6 39. Rg5+ Kh6 40. Re5 Rd7 41. Re6+ Kh7 42. Kf5 Rg7 43. Kf4 Rg4+ 44. Kf3 Rg7 45. Re8 Kg6 46. Re5 Rf7+ 47. Ke4 Kh6 48. Re8 Rg7 49. Rh8+ Kg6 50. Rb8 Kf6 51. Rb7 Rxg3 52. Rxa7 Re3+ 53. Kf4 Rxd3 54. Rb7 1-0


[Site "https://www.chess.com"]

[Event "Titled Tuesday Blitz February 22 Early 2022"]
[White "Prieto Aranguren, Alain"]
[Black "Seifert, Henryk"]
[WhiteFideId "2268906"]
[BlackFideId "1100963"]
[WhiteElo "2235"]
[BlackElo "2120"]
[Result "1-0"]
[Round "06"]
[TimeControl "180+1"]
[Date "2022.02.22"]
[WhiteClock "0:00:05"]
[BlackClock "0:00:01"]

1. e4 e6 2. d4 d5 3. exd5 exd5 4. Bd3 Nc6 5. Nf3 Bd6 6. O-O Bg4 7. c3 Nge7 8. Re1 Qd7 9. Nbd2 O-O-O 10. b4 Rde8 11. a4 Bf5 12. Bf1 Ng6 13. a5 Rxe1 14. Nxe1 Kb8 15. b5 Nd8 16. b6 cxb6 17. axb6 a6 18. Nb3 Qc6 19. Bxa6 bxa6 20. Rxa6 Kb7 21. Na5+ Kxa6 22. Nxc6 Nxc6 23. Qf3 Be6 24. c4 Nxd4 25. Qd3 Rc8 26. c5+ Nb5 27. cxd6 Rxc1 28. Qd2 Ra1 29. h4 h5 30. Kh2 Kxb6 31. Nf3 Ra7 32. Qb2 Rd7 33. Nd4 Rxd6 34. Nxb5 Kc6 35. Nxd6 Kxd6 36. Qxg7 Kc5 37. Qh6 d4 38. Qxh5+ Kc4 39. Qg5 d3 40. h5 Nf8 41. h6 Ng6 42. h7 1-0


[Site "https://www.chess.com"]

[Event "Titled Tuesday Blitz February 22 Early 2022"]
[White "Pultinevicius, Paulius"]
[Black "Chigaev, Maksim"]
[WhiteFideId "12809390"]
[BlackFideId "4108116"]
[WhiteElo "2413"]
[BlackElo "2502"]
[Result "0-1"]
[Round "06"]
[TimeControl "180+1"]
[Date "2022.02.22"]
[WhiteClock "0:00:01"]
[BlackClock "0:00:03"]

1. d4 Nf6 2. c4 g6 3. Nf3 Bg7 4. Nc3 d5 5. cxd5 Nxd5 6. e4 Nxc3 7. bxc3 c5 8. h3 O-O 9. Be2 b6 10. O-O Bb7 11. Qd3 e6 12. Bf4 Nc6 13. Rfd1 cxd4 14. cxd4 Rc8 15. Qa3 Nxd4 16. Nxd4 Bxd4 17. Be5 Bxe5 18. Rxd8 Rfxd8 19. Rd1 Rxd1+ 20. Bxd1 a5 21. Qe3 Rc5 22. g3 Kg7 23. Bf3 a4 24. h4 h6 25. Kg2 Bc6 26. Qa3 Bd4 27. e5 Be8 28. Qb4 Bxe5 29. Qxb6 Rc2 30. Qd8 Bb5 31. a3 Rb2 32. Bd1 Bf6 33. Qd6 Bc4 34. Bf3 Rb3 35. Bc6 Rd3 36. Qb8 Bb3 37. Qb7 Rd8 38. Kf1 Rd1+ 39. Kg2 Rd2 40. Kf3 Bd4 41. Ke4 e5 42. Kf3 Rxf2+ 43. Kg4 h5+ 44. Kh3 Be6+ 45. g4 Bxg4+ 46. Kg3 Rf4 47. Bd5 Bf2+ 48. Kg2 Bxh4 49. Qc7 Bf6 50. Kg3 h4+ 51. Kh2 Kh6 52. Qxf7 Kg5 53. Be6 Rf2+ 54. Kg1 Bxe6 55. Qxe6 Rf4 56. Qd7 e4 57. Qd5+ Kg4 58. Qc4 e3 59. Qe2+ Rf3 60. Kh1 g5 61. Qc4+ Rf4 62. Qe2+ Rf3 63. Qg2+ Kf4 64. Qh2+ Ke4 65. Qc2+ Kf4 66. Qxa4+ Kg3 67. Qd1 g4 68. Qe1+ Kf4 69. Qb4+ Kg5 70. Qc5+ Kg6 71. Qc2+ Kh6 72. Qc1 Bg5 73. Qc6+ Rf6 74. Qe4 Rf1+ 75. Kg2 Rf2+ 76. Kg1 g3 77. Qe6+ Rf6 78. Qg4 Rd6 79. Qe4 Rb6 80. Kg2 Rf6 81. Kh3 Rf2 82. Qe6+ Bf6 83. Qxe3+ Bg5 84. Qe6+ Bf6 85. Qe4 Bg5 86. a4 Rf4 87. Qe6+ Rf6 88. Qe4 Rf2 89. a5 g2 90. Qc6+ Bf6 0-1


[Site "https://www.chess.com"]

[Event "Titled Tuesday Blitz February 22 Early 2022"]
[White "Purtseladze, Maka"]
[Black "Osmonbekov, Talaibek"]
[WhiteFideId "13602659"]
[BlackFideId "2017253"]
[WhiteElo "2192"]
[BlackElo "2135"]
[Result "0-1"]
[Round "06"]
[TimeControl "180+1"]
[Date "2022.02.22"]
[WhiteClock "0:00:28"]
[BlackClock "0:01:10"]

1. d4 e6 2. Nc3 Bb4 3. Qd3 f5 4. Bd2 Nf6 5. f3 b6 6. e4 Ba6 7. Qe3 Bxf1 8. Kxf1 Bxc3 9. Bxc3 fxe4 10. fxe4 O-O 11. Nf3 Ng4 12. Qd3 c5 13. dxc5 bxc5 14. h3 Qh4 15. Be1 Qh6 16. Kg1 Nf6 17. Bd2 Qh5 18. Bg5 Nc6 19. c3 Rab8 20. b3 Qg6 21. Bxf6 Rxf6 22. Qxd7 Rxf3 23. Qxc6 Rbf8 24. Rh2 Qg5 25. Qxc5 Qxc5+ 0-1


[Site "https://www.chess.com"]

[Event "Titled Tuesday Blitz February 22 Early 2022"]
[White "Putri, Regita Desyari"]
[Black "Slugin, Sergey"]
[WhiteFideId "7109083"]
[BlackFideId "4122569"]
[WhiteElo "1930"]
[BlackElo "2358"]
[Result "0-1"]
[Round "06"]
[TimeControl "180+1"]
[Date "2022.02.22"]
[WhiteClock "0:01:06"]
[BlackClock "0:01:32"]

1. d4 Nf6 2. c4 c5 3. Nf3 cxd4 4. Nxd4 Nc6 5. Nc3 g6 6. e4 Bg7 7. Be3 d6 8. Be2 O-O 9. O-O Nxd4 10. Bxd4 Be6 11. Rc1 Rc8 12. b3 a6 13. Qd2 Nd7 14. Bxg7 Kxg7 15. Qd4+ f6 16. f4 Qb6 17. Qxb6 Nxb6 18. Bf3 Rc7 19. Nd5 Bxd5 20. cxd5 Rfc8 21. Rxc7 Rxc7 22. h3 Nd7 23. Rf2 Rc1+ 24. Kh2 Nc5 25. Rd2 b5 26. Kg3 b4 27. Kf2 a5 28. g4 Rc3 29. Re2 Nd3+ 30. Kg3 g5 31. fxg5 fxg5 32. Re3 Nc1 33. Re2 Nxe2+ 0-1


[Site "https://www.chess.com"]

[Event "Titled Tuesday Blitz February 22 Early 2022"]
[White "Redzisz, Michal"]
[Black "Markelova, Lubov"]
[WhiteFideId "21816107"]
[BlackFideId "24131369"]
[WhiteElo "1961"]
[BlackElo "1820"]
[Result "1-0"]
[Round "06"]
[TimeControl "180+1"]
[Date "2022.02.22"]
[WhiteClock "0:00:45"]
[BlackClock "0:01:01"]

1. d4 d5 2. Nf3 Nf6 3. c4 c6 4. e3 Bf5 5. Nc3 e6 6. Bd3 Bxd3 7. Qxd3 Nbd7 8. O-O Be7 9. b3 O-O 10. e4 dxe4 11. Nxe4 Nxe4 12. Qxe4 Nf6 13. Qe2 a5 14. a3 Qb8 15. Bb2 b5 16. Rfd1 a4 17. b4 bxc4 18. Qxc4 Qb5 19. Qc2 Nd5 20. Rac1 Rac8 21. Ne5 Bf6 22. Nxc6 Nf4 23. Qc4 Ne2+ 24. Kf1 Qxc4 25. Rxc4 Nf4 26. g3 Nd5 27. Rdc1 g6 28. Ke2 Kg7 29. Ne5 Bxe5 30. Rxc8 Rxc8 31. Rxc8 Bf6 32. Kd3 h5 33. Ra8 Nb6 34. Ra6 1-0


[Site "https://www.chess.com"]

[Event "Titled Tuesday Blitz February 22 Early 2022"]
[White "Reprintsev, Alexander"]
[Black "Zaksaite, Salomeja"]
[WhiteFideId "14100541"]
[BlackFideId "12801496"]
[WhiteElo "2126"]
[BlackElo "2002"]
[Result "1-0"]
[Round "06"]
[TimeControl "180+1"]
[Date "2022.02.22"]
[WhiteClock "0:01:43"]
[BlackClock "0:00:16"]

1. e4 c5 2. b3 Nf6 3. e5 Nd5 4. Bb2 Nc6 5. Nf3 d6 6. Bb5 Bd7 7. exd6 exd6 8. O-O Qb6 9. c4 Ndb4 10. Re1+ Be6 11. d4 cxd4 12. Nxd4 O-O-O 13. Nxe6 fxe6 14. Rxe6 d5 15. Nc3 dxc4 16. Qg4 Kb8 17. a3 Nc2 18. Bxc6 bxc6 19. Na4 Qxb3 20. Rb1 Nxa3 21. Be5+ Ka8 22. Rxb3 cxb3 23. Bc7 Rd7 24. Re8+ 1-0


[Site "https://www.chess.com"]

[Event "Titled Tuesday Blitz February 22 Early 2022"]
[White "Rodchenkov, Vitaly"]
[Black "Guseva, Marina"]
[WhiteFideId "4152964"]
[BlackFideId "4149351"]
[WhiteElo "2337"]
[BlackElo "2232"]
[Result "1-0"]
[Round "06"]
[TimeControl "180+1"]
[Date "2022.02.22"]
[WhiteClock "0:00:47"]
[BlackClock "0:00:10"]

1. Nf3 d5 2. c4 c6 3. Qa4 a6 4. cxd5 b5 5. Qb3 cxd5 6. a4 bxa4 7. Qxa4+ Bd7 8. Qb3 Nf6 9. Nc3 e6 10. d4 Nc6 11. e3 a5 12. Bb5 Bb4 13. O-O O-O 14. Bd2 Rb8 15. Qa4 Qb6 16. Bxc6 Bxc6 17. Qd1 Rfc8 18. Ne5 Be8 19. h3 h6 20. Qf3 Bd6 21. Ra2 Bxe5 22. dxe5 Nd7 23. Qg3 Qc7 24. f4 Nc5 25. f5 exf5 26. Rxf5 Qd7 27. e4 dxe4 28. Bxh6 g6 29. Rf6 Rc6 30. Rxc6 Qxc6 31. Rxa5 Rxb2 32. Kh2 e3 33. Rxc5 Qxc5 34. Ne4 Qc2 35. Nf6+ Kh8 36. Bxe3 Kg7 37. Qg5 Bc6 38. Qh6# 1-0


[Site "https://www.chess.com"]

[Event "Titled Tuesday Blitz February 22 Early 2022"]
[White "Rudykh, Stepan"]
[Black "Barbashin, Igor"]
[WhiteFideId "4180321"]
[BlackFideId "4155718"]
[WhiteElo "2129"]
[BlackElo "2138"]
[Result "0-1"]
[Round "06"]
[TimeControl "180+1"]
[Date "2022.02.22"]
[WhiteClock "0:00:20"]
[BlackClock "0:01:30"]

1. e4 d5 2. exd5 Nf6 3. Nf3 Nxd5 4. d4 g6 5. c4 Nb6 6. Nc3 Bg7 7. h3 O-O 8. Be3 Nc6 9. Be2 e5 10. d5 Ne7 11. a4 Nf5 12. Bc5 Re8 13. a5 Nd7 14. Ba3 e4 15. Nh2 Nd4 16. O-O f5 17. c5 Qg5 18. Bc4 Kh8 19. b4 f4 20. Ne2 Nf3+ 21. Nxf3 exf3 22. Nxf4 Qxf4 23. Qc2 fxg2 24. Rfe1 Ne5 25. Bb2 Nf3+ 26. Kxg2 Nxe1+ 27. Rxe1 Rxe1 28. Bxg7+ Kxg7 29. Qc3+ Qe5 0-1


[Site "https://www.chess.com"]

[Event "Titled Tuesday Blitz February 22 Early 2022"]
[White "Sadykov, Ramil"]
[Black "Samaganova, Aleksandra"]
[WhiteFideId "24113590"]
[BlackFideId "13800221"]
[WhiteElo "2300"]
[BlackElo "1859"]
[Result "1-0"]
[Round "06"]
[TimeControl "180+1"]
[Date "2022.02.22"]
[WhiteClock "0:00:29"]
[BlackClock "0:00:01"]

1. d4 Nf6 2. Nc3 e6 3. e4 d5 4. e5 Nfd7 5. Nce2 c5 6. c3 Nc6 7. f4 Be7 8. Nf3 O-O 9. Be3 Rb8 10. h4 b5 11. h5 b4 12. h6 g6 13. g4 bxc3 14. bxc3 cxd4 15. cxd4 Na5 16. f5 Nc4 17. Bf4 Rb2 18. Bc1 Qa5+ 19. Kf2 Rxa2 20. Rxa2 Qxa2 21. Kg3 Qb1 22. Nc3 Qa1 23. Qc2 Na3 24. Bxa3 Qxa3 25. Bd3 exf5 26. gxf5 Bb4 27. Nxd5 Nb6 28. Nf6+ Kh8 29. fxg6 fxg6 30. Bxg6 Bb7 31. Be4 Bxe4 32. Qxe4 Rf7 33. Kg4 Be7 34. Ng5 1-0


[Site "https://www.chess.com"]

[Event "Titled Tuesday Blitz February 22 Early 2022"]
[White "Safarli, Eltaj"]
[Black "Szpar, Milosz"]
[WhiteFideId "13402129"]
[BlackFideId "1184989"]
[WhiteElo "2634"]
[BlackElo "2447"]
[Result "1-0"]
[Round "06"]
[TimeControl "180+1"]
[Date "2022.02.22"]
[WhiteClock "0:00:11"]
[BlackClock "0:00:05"]

1. e4 c5 2. Nc3 d6 3. Bb5+ Bd7 4. Bxd7+ Qxd7 5. d4 cxd4 6. Qxd4 Nc6 7. Qd3 Qg4 8. Nf3 Qxg2 9. Rg1 Qh3 10. Nd5 Rc8 11. Bd2 Qd7 12. O-O-O e6 13. Ne3 Nf6 14. Bc3 b5 15. Kb1 a6 16. h4 h6 17. a3 Rb8 18. Bxf6 gxf6 19. Ng4 Be7 20. Qc3 b4 21. Nxf6+ Bxf6 22. Qxf6 Rf8 23. a4 b3 24. cxb3 Rxb3 25. Rc1 Qb7 26. Rgd1 Kd7 27. Rxc6 Kxc6 28. Nd4+ Kb6 29. f3 Rb4 30. Nxe6 Rb8 31. Nf4 Ka7 32. Rd2 Rxa4 33. Qxd6 Qb3 34. Qc5+ Ka8 35. Qc6+ Ka7 36. Rd7+ Rb7 37. Rxb7+ Qxb7 38. Qxa4 1-0


[Site "https://www.chess.com"]

[Event "Titled Tuesday Blitz February 22 Early 2022"]
[White "Sahin, Handenur"]
[Black "Tomiello, Mateus Costamilan"]
[WhiteFideId "6334865"]
[BlackFideId "22701958"]
[WhiteElo "2126"]
[BlackElo "1975"]
[Result "0-1"]
[Round "06"]
[TimeControl "180+1"]
[Date "2022.02.22"]
[WhiteClock "0:00:12"]
[BlackClock "0:00:09"]

1. e4 c5 2. c3 Nc6 3. d4 cxd4 4. cxd4 d5 5. exd5 Qxd5 6. Nf3 e6 7. Nc3 Qd6 8. Bc4 Nf6 9. O-O Be7 10. Qe2 O-O 11. Rd1 b6 12. Nb5 Qb8 13. Ne5 Bb7 14. Bg5 Rd8 15. Nxf7 Kxf7 16. Qxe6+ Kg6 17. d5 Qe5 18. Bd3+ Kxg5 19. h4+ Kh6 20. Qf7 Rxd5 21. Re1 Qh5 22. Qxh5+ Kxh5 23. Be2+ Kxh4 24. Nc7 Rg5 25. Kh2 Bd6+ 26. g3+ Rxg3 27. fxg3+ Bxg3+ 28. Kg2 Nd4+ 29. Kf1 Bxc7 30. Rad1 Rd8 31. Bd3 Ng4 32. Re7 Bh2 33. Rd2 Nf3 34. Rd1 Rxd3 35. Rxd3 Ba6 36. Rd7 Nfe5 37. Ke2 Nxd7 0-1


[Site "https://www.chess.com"]

[Event "Titled Tuesday Blitz February 22 Early 2022"]
[White "Sailer, Mike"]
[Black "Krylov, Ivan"]
[WhiteFideId "2012901"]
[BlackFideId "24128066"]
[WhiteElo "2109"]
[BlackElo "2258"]
[Result "1-0"]
[Round "06"]
[TimeControl "180+1"]
[Date "2022.02.22"]
[WhiteClock "0:00:54"]
[BlackClock "0:00:57"]

1. d4 d5 2. Nf3 Nf6 3. Bf4 c5 4. e3 Nc6 5. Nc3 Qb6 6. Nb5 Kd8 7. Bc7+ Qxc7 8. Nxc7 Kxc7 9. Ne5 Nxe5 10. dxe5 Nd7 11. Qxd5 e6 12. Qe4 Nb6 13. O-O-O Bd7 14. Qf4 Be8 15. Be2 Be7 16. Bf3 g5 17. Qg3 h5 18. h3 Bb5 19. Be4 Rad8 20. Rxd8 Rxd8 21. Rd1 Nd5 22. Qf3 g4 23. hxg4 hxg4 24. Qxf7 Rf8 25. Qxe6 Rxf2 26. Bxd5 Bg5 27. Qd6+ Kc8 28. Be6+ Bd7 29. Qxd7+ Kb8 30. Qc8# 1-0


[Site "https://www.chess.com"]